 Dungeon Crawl Stone Soup version 0.25-a0-875-geaba134f46 (webtiles) character file.

Game seed: 16986615110422567081, levelgen mode: deterministic

2951 Hasart the Destroyer (level 9, -11/45 HPs)
             Began as a Deep Elf Wizard on May 1, 2020.
             Was an Initiate of Vehumet.
             Shot with an arrow by a centaur (12 damage)
             ... on level 7 of the Dungeon.
             The game lasted 00:24:32 (8305 turns).

Hasart the Destroyer (Deep Elf Wizard)              Turns: 8305, Time: 00:24:33

Health: -11/45     AC: 10    Str:  4    XL:     9   Next: 51%
Magic:  10/32      EV: 16    Int: 27    God:    Vehumet [......]
Gold:   268        SH:  0    Dex: 13    Spells: 16/24 levels left

rFire    . . .     SeeInvis .   i - +2 whip (holy)
rCold    . . .     Gourm    .   (no shield)
rNeg     . . .     Faith    .   a - +0 robe
rPois    .         Spirit   .   m - +0 helmet
rElec    .         Reflect  .   g - scarf {cloud immunity}
rCorr    .         Harm     .   f - +0 pair of gloves
MR       .....                  t - +0 pair of boots
Stlth    ++........             (no amulet)
HPRegen  0.15/turn              F - ring of magical power
MPRegen  0.23/turn              C - +5 ring of protection

@: no status effects
A: no striking features
a: Renounce Religion


You were on level 7 of the Dungeon.
You worshipped Vehumet.
Vehumet was noncommittal.
You were not hungry.

You visited 2 branches of the dungeon, and saw 8 of its levels.

You collected 268 gold pieces.

Inventory:

Hand Weapons
 i - a +2 whip of holy wrath (weapon)
Armour
 a - a +0 robe (worn)
 f - a +0 pair of gloves (worn)
 g - a scarf of cloud immunity (worn)
 m - a +0 helmet (worn)
 t - a +0 pair of boots (worn)
Jewellery
 p - an uncursed ring of positive energy
 C - a +5 ring of protection (right hand)
 F - a ring of magical power (left hand)
 H - an uncursed ring of see invisible
Wands
 v - a wand of flame (5)
 x - a wand of random effects (26)
Scrolls
 b - 3 scrolls of random uselessness {unknown}
 c - a scroll of enchant armour {unknown}
 e - 10 scrolls of identify {unknown}
 h - a scroll of immolation {unknown}
 j - a scroll of amnesia {unknown}
 n - 7 scrolls of teleportation {unknown}
 q - 2 scrolls of blinking {unknown}
 s - a scroll of enchant weapon {unknown}
 w - a scroll of noise {unknown}
 y - a scroll of fog {unknown}
Potions
 k - a potion of ambrosia {unknown}
 l - a potion of brilliance {unknown}
 o - 2 potions of lignification {unknown}
 r - a potion of stabbing {unknown}
 u - a potion of cancellation {unknown}
 z - a potion of degeneration {unknown}
 A - a potion of might {unknown}
 B - 2 potions of flight {unknown}
 E - a potion of invisibility {unknown}
 G - 2 potions of curing
Comestibles
 d - 13 rations


   Skills:
 + Level 6.8 Dodging
 - Level 2.4 Stealth
 + Level 8.3 Spellcasting
 * Level 8.4 Conjurations
 - Level 4.0 Summonings
 - Level 4.0 Translocations
 - Level 4.0 Air Magic
 - Level 4.0 Poison Magic


You had 16 spell levels left.
You knew the following spells:

 Your Spells              Type           Power        Failure   Level  Hunger
a - Magic Dart            Conj           ####         1%          1    None
b - Blink                 Tloc           N/A          1%          2    None
c - Call Imp              Summ           ####....     1%          2    None
d - Mephitic Cloud        Conj/Pois/Air  #####...     1%          3    None

Your spell library contained the following spells:

 Spells                   Type           Power        Failure   Level  Hunger
 Conjure Flame            Conj/Fire      ####....     2%          3    None
 Slow                     Hex            ##......     8%          2    None


Dungeon Overview and Level Annotations

Branches:
Dungeon (7/15)             Temple (1/1) D:7

Altars:
Ashenzari
Dithmenos
Elyvilon
Fedhas
Gozag
Hepliaklqana
Okawaru
Qazlal
Ru
Trog
Uskayaw
Vehumet
Wu Jian
Xom
Yredelemnul
Zin
The Shining One


Message History

The centaur shoots an arrow.
The arrow closely misses you.
You see here an arrow.
The centaur shoots an arrow.
The arrow hits you but does no damage.
You see here an arrow.
An adder zombie comes into view.
The centaur shoots an arrow.
The arrow hits you!
* * * LOW HITPOINT WARNING * * *
You see here an arrow.
You hit the adder zombie.
The adder zombie convulses.
The adder zombie is moderately damaged.
The adder zombie misses you.
The centaur shoots an arrow.
The arrow hits you.
* * * LOW HITPOINT WARNING * * *
The adder zombie closely misses you.
The centaur shoots an arrow.
The arrow hits you.
* * * LOW HITPOINT WARNING * * *
The adder zombie barely misses you.
You see here 2 arrows.
The centaur shoots an arrow.
The arrow hits you!
You die...

#......................#.#####
#.........#......#######.#
####(.......#....##.# #.#
..####...(.......##.#### #.##
)....#......####.##....## #..#
.###[...[...# #.#####..# ##.#
<####...(...####.# ##.## #.#
...........(.....## #..# #.#
######.)...####.@.## ##.# #.#
#.......##(Z<.## #.# #.#
#.####....(##..####.# #.#
######.####....(##....##.###.#
.....(..........##.##.......รท###
#####.#####.....##.#####.......#
#..l..# #.....##.#..[...##.###
#.....###c....#....###..##)##
#.c).l))l........### ##.....#


You could see a centaur and an adder zombie.

Vanquished Creatures
  A hippogriff (D:7)
  Sigmund (D:5)
  Menkaure (D:5)
  An orc warrior (D:7)
  2 sky beasts
  A phantom (D:7)
  7 ogres
  3 centaurs
  A bullfrog (D:7)
  2 scorpions
  A howler monkey (D:5)
  A crimson imp (D:5)
  2 jellies
  A bullfrog zombie (D:5)
  8 hounds
  An orc priest (D:6)
  A bullfrog skeleton (D:5)
  Jessica (D:3)
  A centaur skeleton (D:5)
  2 iguanas
  2 orc wizards
  6 worker ants
  2 hound zombies
  2 hound skeletons
  7 adders
  5 gnolls
  2 shadow imps
  An ooze (D:5)
  3 adder skeletons
  6 worms
  2 dart slugs
  5 leopard geckos
  16 orcs
  11 bats
  6 giant cockroaches
  8 goblins
  8 hobgoblins
  12 jackals
  4 quokkas
  3 ball pythons
  2 frilled lizards
  A jackal skeleton (D:5)
  6 kobolds
  A quokka zombie (D:6)
  5 rats
165 creatures vanquished.

Vanquished Creatures (collateral kills)
  Grinder (D:6)
  A scorpion (D:6)
  A hound (D:5)
  3 orcs
6 creatures vanquished.

Vanquished Creatures (others)
  A wizard (D:3)
  A frilled lizard (D:4)
2 creatures vanquished.

Grand Total: 173 creatures vanquished

Notes
Turn   | Place    | Note
-------+----------+-------------------------------------------
     0 | D:1      | Hasart the Deep Elf Wizard began the quest for the Orb.
     0 | D:1      | Reached XP level 1. HP: 10/10 MP: 7/7
    34 | D:1      | Reached XP level 2. HP: 12/15 MP: 0/9
   726 | D:1      | Reached XP level 3. HP: 19/19 MP: 7/11
   778 | D:1      | Learned a level 2 spell: Blink
   781 | D:1      | Learned a level 2 spell: Call Imp
   785 | D:1      | Learned a level 3 spell: Mephitic Cloud
  1611 | D:2      | Reached skill level 5 in Spellcasting
  1611 | D:2      | Reached XP level 4. HP: 15/24 MP: 0/13
  2132 | D:3      | Reached skill level 1 in Air Magic
  2132 | D:3      | Reached skill level 1 in Poison Magic
  2132 | D:3      | Reached XP level 5. HP: 28/28 MP: 4/14
  2397 | D:3      | Found a bloodstained altar of Trog.
  2398 | D:3      | Noticed a wizard
  2404 | D:3      | Killed a wizard
  2835 | D:3      | Noticed Jessica
  2843 | D:3      | Killed Jessica
  3013 | D:3      | Found a shattered altar of Ashenzari.
  3162 | D:4      | Reached XP level 6. HP: 32/32 MP: 11/16
  3195 | D:4      | HP: 1/32 [orc/boomerang (6)]
  3955 | D:4      | Found a white marble altar of Elyvilon.
  4047 | D:4      | Reached XP level 7. HP: 36/36 MP: 6/17
  4528 | D:5      | Entered Level 5 of the Dungeon
  4528 | D:5      | Noticed Menkaure
  4545 | D:5      | Killed Menkaure
  4808 | D:5      | Reached skill level 5 in Conjurations
  5446 | D:5      | Reached XP level 8. HP: 37/41 MP: 14/19
  5656 | D:5      | Noticed Sigmund
  5669 | D:5      | Killed Sigmund
  5669 | D:5      | Reached skill level 5 in Dodging
  6360 | D:6      | Noticed Grinder
  6682 | D:6      | Paralysed by Grinder for 4 turns
  6684 | D:6      | Killed Grinder
  7163 | D:7      | Reached XP level 9. HP: 45/45 MP: 14/21
  7630 | D:7      | Found an opulent altar of Gozag.
  7634 | D:7      | Found a glowing silver altar of Zin.
  8047 | D:7      | Found a hide-covered altar of Uskayaw.
  8108 | D:7      | Found a staircase to the Ecumenical Temple.
  8114 | Temple   | Entered the Ecumenical Temple
  8161 | Temple   | Became a worshipper of Vehumet
  8304 | D:7      | HP: 1/45 [centaur/arrow (4)]
  8305 | D:7      | Shot with an arrow by a centaur

Levels and vault maps discovered:
D:1:      scummos_arrival_forest, layout_basic, serial_glass, glass_columns_a,
          glass_columns_a, glass_columns_a, glass_columns_c,
          minmay_strange_pillars, due_unseen_surprise
D:2:      layout_basic, first_ration, serial_forest,
          infiniplex_forest_straight_2, infiniplex_forest_clump_long,
          infiniplex_forest_zigzag_1, infiniplex_forest_clump_C,
          infiniplex_forest_end_3, infiniplex_forest_end_3,
          infiniplex_forest_zigzag_1, minivault_11
D:3:      layout_basic, lemuel_doored_altar, trog_wizard, uniq_jessica
D:4:      minmay_diamond_boxcup, layout_cave_pools, elyvilon_altar_4
D:5:      layout_loops_ring, minmay_misc_feat_tiny, uniq_sigmund, uniq_menkaure
D:6:      layout_basic, uniq_grinder
D:7:      layout_rooms, grunt_temple_overflow_gold_and_silver,
          kennysheep_mini_moat, overflow_temple_1_default,
          minmay_temple_entry_fiery
Temple:   nicolae_temple_hex_pool

Skill      XL: |  1  2  3  4  5  6  7  8  9 |
---------------+----------------------------+-----
Conjurations   | 2 3 4 5 7 8 |  8.4
Dodging        | 3 4 5 6 |  6.8
Spellcasting   | 5 6 7 8 |  8.3
Air Magic      | 1 2 3 4 |  4.0
Poison Magic   | 1 2 3 4 |  4.0
Translocations | 2 3 4 |  4.0
Summonings     | 2 3 4 |  4.0
Stealth        | |  2.4

Action                   |  1- 3 |  4- 6 |  7- 9 || total
-------------------------+-------+-------+-------++-------
Melee: Spear             |    45 |     6 |       ||    51
       Flail             |       |    12 |       ||    12
       Whip              |       |    26 |   150 ||   176
 Cast: Magic Dart        |    86 |   139 |   272 ||   497
       Call Imp          |     2 |     3 |     8 ||    13
       Mephitic Cloud    |     1 |     7 |    24 ||    32
  Use: Potion            |     1 |     2 |       ||     3
 Stab: Sleeping          |     2 |       |     2 ||     4
       Confused          |       |     1 |     4 ||     5
  Eat: Chunk             |     2 |     8 |    13 ||    23
Armor: Robe              |    10 |    21 |    52 ||    83
Dodge: Dodged            |    64 |    80 |   192 ||   336

Table legend:
 A = Non-vault XP
 B = Vault XP
 C = Vault XP percentage of total XP
 D = Non-vault monster count
 E = Vault monster count
 F = Vault count percentage of total count
                 A         B        C        D         E       F
            +---------+---------+-------+---------+---------+-------
      Total |    3592 |     625 |  14.8 |     162 |       9 |   5.3
            +---------+---------+-------+---------+---------+-------
        D:1 |      54 |       0 |   0.0 |      23 |       0 |   0.0
        D:2 |     111 |       0 |   0.0 |      24 |       0 |   0.0
        D:3 |     137 |      37 |  21.3 |      20 |       1 |   4.8
        D:4 |     488 |      47 |   8.8 |      23 |       5 |  17.9
        D:5 |     786 |     339 |  30.1 |      28 |       2 |   6.7
        D:6 |     667 |     202 |  23.2 |      17 |       1 |   5.6
        D:7 |    1349 |       0 |   0.0 |      27 |       0 |   0.0
            +---------+---------+-------+---------+---------+-------
